 Dungeon Crawl Stone Soup version 0.29-a0-284-gf9362112df (webtiles) character file.

Game seed: 7911408331428064203

2701 being54 the Fighter (level 9, 0/64 HPs)
             Began as a Gargoyle Fighter on Mar 21, 2022.
             Was a Follower of Okawaru.
             Killed from afar by Cecur's ghost (14 damage)
             ... with a stone arrow
             ... on level 6 of the Dungeon.
             The game lasted 00:14:58 (6599 turns).

being54 the Fighter (Gargoyle Fighter)              Turns: 6599, Time: 00:15:00

Health: 0/64       AC: 18    Str: 25    XL:     9   Next: 65%
Magic:  0/11       EV:  8    Int:  8    God:    Okawaru [*.....]
Gold:   261        SH:  6    Dex:  9    Spells: 8/8 levels left

rFire   + . .      SeeInvis .   q - +3 hand axe of Triumph {vamp, rN+}
rCold   . . .      Faith    .   c - +1 buckler
rNeg    + + .      Spirit   +   k - +0 chain mail
rPois   ∞          Reflect  .   m - +1 helmet
rElec   +          Harm     .   (no cloak)
rCorr   +          Rampage  .   (no gloves)
Will    .....                   (no boots)
Stlth   ..........              g - amulet of guardian spirit
HPRegen 0.20/turn               h - ring of resist corrosion
MPRegen 0.12/turn               f - ring of protection from fire

@: mighty, studying Fighting
A: sickness immunity, AC +6, negative energy resistance 1, electricity
resistance, torment resistance 1, petrification resistance
a: Renounce Religion, Heroism


You were on level 6 of the Dungeon.
You worshipped Okawaru.
Okawaru was aware of your devotion.
You visited 2 branches of the dungeon, and saw 7 of its levels.
You also visited: Ossuary.

You collected 261 gold pieces.

Inventory:

Hand Weapons
 e - a +5 mace
 q - the +3 hand axe of Triumph (weapon) {vamp, rN+}
   (You found it on level 5 of the Dungeon)

   It occasionally heals its wielder for a portion of the damage dealt when it
   wounds a living foe.
   rN:        It protects you from negative energy.
Armour
 c - a +1 buckler (worn)
 k - a +0 chain mail (worn)
 m - a +1 helmet (worn)
Jewellery
 f - a ring of protection from fire (right hand)
 g - an amulet of guardian spirit (around neck)
 h - a ring of resist corrosion (left hand)
Wands
 p - a wand of digging (7)
Scrolls
 a - a scroll of immolation
 i - 2 scrolls of blinking
 l - 3 scrolls of teleportation
 n - a scroll of fog
 t - a scroll of amnesia
 x - 2 scrolls of identify
Potions
 j - a potion of resistance {unknown}
 o - 2 potions of attraction
 r - a potion of ambrosia
 u - a potion of magic
 v - 2 potions of lignification
 w - 2 potions of mutation {unknown}


   Skills:
 * Level 11.6 Fighting
 + Level 4.6(5.5) Axes
 - Level 5.0(6.0) Maces & Flails
 + Level 5.7 Armour
 + Level 5.8 Shields
 * Level 2.8 Invocations
 + Level 2.0 Evocations


You had 8 spell levels left.
You didn't know any spells.
Your spell library contained the following spells:

 Spells                   Type           Power      Damage    Failure   Level
 Ignite Poison            Fire/Tmut/Pois 0%         N/A       100%        3
 Mephitic Cloud           Conj/Pois/Air  0%         N/A       100%        3
 Freezing Cloud           Conj/Ice/Air   0%         6-21      100%        5


Dungeon Overview and Level Annotations

Branches:
Dungeon (6/15)             Temple (1/1) D:5         Ossuary (visited)

Altars:
Ashenzari
Cheibriados
Elyvilon
Fedhas
Gozag
Hepliaklqana
Kikubaaqudgha
Makhleb
Nemelex Xobeh
Okawaru
Qazlal
Ru
Sif Muna
Trog
Uskayaw
Vehumet
Wu Jian
Yredelemnul
Zin
The Shining One
Beogh

Annotations:
D:6 Cecur's ghost, novice DrEE


Innate Abilities, Weirdness & Mutations

You are immune to sickness and miasma.
Your stone body is resilient. (AC +6)
You are immune to poison.
You resist negative energy. (rN+)
You are resistant to electric shocks. (rElec)
You are resistant to unholy torment.
You are immune to petrification.


Message History

The orc priest casts a cantrip, but nothing happens.
You block the orc warrior's attack.
You hit the orc warrior.
You feel better.
The orc warrior is heavily wounded.
You slice the orc!!
You feel better.
You kill the orc!
Okawaru accepts your kill.
You slash the orc warrior!
You feel like a meek peon again. You block the orc warrior's attack.
The orc hits you with a +0 dagger. Cecur's ghost casts a spell at you.
The stone arrow hits you!!
Items here: ))) [ †††.
You slash the orc warrior!
You kill the orc warrior!
Okawaru accepts your kill.
You slash Cecur's ghost! You barely miss the orc.
The orc hits you but does no damage.
Cecur's ghost hits you but does no damage.
Cecur's ghost attacks as you move away!
Cecur's ghost hits you but does no damage.
You barely miss the orc.
The orc priest invokes the aid of Beogh against you.
Beogh smites you!
* * * LOW HITPOINT WARNING * * *
You hit Cecur's ghost but do no damage.
Cecur's ghost is severely damaged.
You barely miss the orc.
The orc priest begins to cast a cantrip, but forgets the words!
The orc completely misses you.
Cecur's ghost gestures at you while chanting.
The blast of sand hits you but does no damage.
You slash Cecur's ghost!
Cecur's ghost is severely damaged.
You closely miss the orc.
The orc priest miscasts a cantrip.
The orc hits you but does no damage. Cecur's ghost casts a spell at you.
The stone arrow hits you!
You die...

#..... ##+#..
#.... ###########.
#.......# #.
#.......# #.
#....[..###.
#######.......'...
#@o...........####
#W###########...#
#oo8####### ###.##
#.o.#.....8####...
#...#..##..#......
#...#..#8..#......
#...#..##..#......
#...#.#...)#......
#...'.#...[#......


You could see an orc priest, Cecur's ghost and 3 orcs.

Vanquished Creatures
  Pikel (D:6)
  Duvessa (D:5)
  An ice beast (D:6)
  2 orc warriors (D:6)
  A sky beast (D:6)
  3 black bears
  5 ogres
  A centaur (D:6)
  A lemure (D:6)
  2 phantoms
  3 scorpions (D:5)
  A water moccasin zombie (Ossuary)
  Dowan (D:5)
  3 orc priests
  4 hounds
  2 jellies
  2 iguanas
  3 orc wizards (D:6)
  2 mummies (Ossuary)
  Robin (D:3)
  7 adders
  6 adder zombies (Ossuary)
  3 dart slugs
  20 orcs
  5 ball pythons
  5 bats
  10 endoplasms
  4 giant cockroaches
  5 hobgoblins
  2 jackals (D:4)
  4 quokkas
  A frilled lizard (D:2)
  12 goblins
  5 hobgoblin zombies (Ossuary)
  8 kobolds
  4 kobold zombies (Ossuary)
  6 orc zombies (Ossuary)
  3 rats
150 creatures vanquished.

Notes
Turn   | Place    | Note
-------+----------+-------------------------------------------
     0 | D:1      | being54 the Gargoyle Fighter began the quest for the Orb.
     0 | D:1      | Reached XP level 1. HP: 14/14 MP: 1/1
   286 | D:1      | Reached XP level 2. HP: 18/19 MP: 2/2
   499 | D:1      | Found a faded altar of an unknown god.
   817 | D:2      | Reached XP level 3. HP: 22/24 MP: 3/3
  1398 | D:2      | Reached skill level 4 in Fighting
  1405 | D:2      | Reached XP level 4. HP: 29/29 MP: 4/4
  1974 | D:3      | Noticed Robin
  1986 | D:3      | Killed Robin
  2234 | D:3      | Reached XP level 5. HP: 34/34 MP: 5/5
  2603 | D:4      | Noticed a black bear
  2618 | D:4      | Killed a black bear
  2619 | D:4      | Reached skill level 5 in Maces & Flails
  2619 | D:4      | Reached XP level 6. HP: 18/40 MP: 1/6
  2800 | D:4      | Reached skill level 5 in Fighting
  3338 | D:4      | Reached skill level 6 in Fighting
  3338 | D:4      | Reached XP level 7. HP: 25/46 MP: 3/7
  3590 | D:4      | Identified a scroll of acquirement
  3590 | D:4      | Acquired a manual of Fighting
  3636 | D:5      | Entered Level 5 of the Dungeon
  3684 | D:5      | Reached skill level 7 in Fighting
  3684 | D:5      | Reached skill level 5 in Armour
  3758 | D:5      | Noticed Dowan
  3758 | D:5      | Noticed Duvessa
  3786 | D:5      | Killed Dowan
  3787 | D:5      | Reached skill level 8 in Fighting
  3838 | D:5      | Identified the +3 hand axe of Triumph {vamp, rN+}
  3945 | D:5      | Reached XP level 8. HP: 54/54 MP: 8/8
  3955 | D:5      | Found a sand-covered staircase.
  3961 | Ossuary  | Entered an ossuary
  4024 | Ossuary  | Reached skill level 1 in Axes
  4272 | D:5      | Reached skill level 5 in Shields
  4575 | D:5      | Reached skill level 9 in Fighting
  4580 | D:5      | Killed Duvessa
  4918 | D:5      | Found a staircase to the Ecumenical Temple.
  5089 | Temple   | Entered the Ecumenical Temple
  5123 | Temple   | Became a worshipper of Warmaster Okawaru
  5602 | D:6      | Reached skill level 10 in Fighting
  5764 | D:6      | Reached skill level 1 in Invocations
  5764 | D:6      | Reached XP level 9. HP: 61/63 MP: 9/9
  5798 | D:6      | Reached skill level 1 in Evocations
  5800 | D:6      | Reached * piety under Okawaru
  5856 | D:6      | Noticed Pikel
  5875 | D:6      | Killed Pikel
  5876 | D:6      | Reached skill level 11 in Fighting
  6524 | D:6      | Found a runed translucent gate.
  6524 | D:6      | Noticed Cecur's ghost (novice DrEE)
  6525 | D:6      | Found a runed translucent gate.
  6526 | D:6      | Found a runed translucent gate.
  6528 | D:6      | Identified the +8 chain mail of the Invisible Hand {Will+
                  | Str+5 Dex+2}
  6599 | D:6      | Killed from afar by Cecur's ghost

Illustrated notes

Levels and vault maps discovered:
D:1:      dpeg_arrival_concentric_ovals, layout_basic,
          ebering_ecumenical_altar_box
D:2:      layout_basic
D:3:      layout_loops_cross, nrook_mini_vaults, uniq_robin
D:4:      layout_basic
D:5:      layout_basic, minmay_temple_entry_junction,
          nicolae_ossuary_entry_plus, grunt_decor_junction, uniq_duvessa
D:6:      layout_basic, biasface_ghost_orc_armoury, uniq_pikel
Temple:   mainiacjoe_temple_big_plus

Skill      XL: |  1  2  3  4  5  6  7  8  9 |
---------------+----------------------------+-----
Maces & Flails | 3 4 5 |  5.0
Fighting       | 4 6 8 10 11 | 11.6
Armour         | 4 5 |  5.7
Shields        | 4 5 |  5.8
Axes           | 4 |  4.6
Invocations    | 1 2 |  2.8
Evocations     | 2 |  2.0

Action                   |  1- 3 |  4- 6 |  7- 9 || total
-------------------------+-------+-------+-------++-------
Melee: Flail             |    12 |       |       ||    12
       Mace              |    73 |   117 |    48 ||   238
       Hand axe          |       |       |   282 ||   282
Invok: Heroism           |       |       |     1 ||     1
  Use: Scroll            |     2 |     8 |     9 ||    19
       Potion            |       |       |     9 ||     9
Armor: Scale mail        |    39 |    61 |    74 ||   174
       Chain mail        |       |       |   115 ||   115
Dodge: Dodged            |    36 |    79 |   135 ||   250
Block: Buckler           |    11 |    38 |   108 ||   157

Table legend: (Time is in decaauts)
 A = Elapsed time spent in this place.
 B = Non-inter-level travel time spent in this place.
 C = Inter-level travel time spent in this place.
 D = Time resting spent in this place.
 E = Time spent auto-exploring this place.
 F = Levels seen in this place.
 G = Mean time per level.
                   A        B        C        D        E       F      G
               +--------+--------+--------+--------+--------+-----+--------+
         Total |   6691 |   6386 |    305 |    682 |   4597 |   8 |  836.4 |
       Dungeon |   6041 |   5766 |    275 |    682 |   4114 |   6 | 1006.8 |
        Temple |    419 |    390 |     29 |      0 |    380 |   1 |  419.0 |
       Ossuary |    230 |    230 |      0 |      0 |    103 |   1 |  230.0 |
               +--------+--------+--------+--------+--------+-----+--------+

Top non-repeatable levels by time:
     D:5: 1299 daAuts
     D:4: 1259 daAuts
     D:6: 1051 daAuts
     D:2: 987 daAuts
     D:3: 735 daAuts
     D:1: 707 daAuts
  Temple: 419 daAuts
 Ossuary: 230 daAuts
